 Dungeon Crawl Stone Soup version 0.31-a0-1225-g50297eb6a4 (webtiles) character file.

Game seed: 3962867976812243074

21 Yaku the Firebug (level 2, 0/20 HPs)
             Began as a Draconian Fire Elementalist on Dec 14, 2023.
             Slain by a quokka (1 damage)
             ... on level 2 of the Dungeon.
             The game lasted 00:03:11 (1163 turns).

Yaku the Firebug (Draconian Fire Elementalist)      Turns: 1163, Time: 00:03:13

Health: 0/20       AC:  4    Str: 10    XL:     2   Next: 62%
Magic:  0/5        EV: 12    Int: 15    God:
Gold:   67         SH:  0    Dex: 11    Spells: 4/5 levels left

rFire   . . .        (no weapon)
rCold   . . .        (no shield)
rNeg    . . .        (body armour unavailable)
rPois   .            (helmet restricted)
rElec   .            (no cloak)
rCorr   .            (no gloves)
SInv    .            (no boots)
Will    .....        (no amulet)
Stlth   ++           (no ring)
HPRegen 0.23/turn    (no ring)
MPRegen 0.09/turn

%: no passive effects
@: no status effects
A: AC +4, unfitting armour, cold-blooded
a: no special abilities


You were on level 2 of the Dungeon.
You visited 1 branch of the dungeon, and saw 2 of its levels.

You collected 67 gold pieces.

Inventory:

Jewellery
 g - a ring of flight
Scrolls
 b - a scroll of silence {unknown}
 e - a scroll of identify {unknown}
 f - a scroll of enchant weapon {unknown}
 h - a scroll of immolation {unknown}
Potions
 a - a potion of magic
 c - a potion of enlightenment {unknown}
 d - a potion of lignification {unknown}


   Skills:
 + Level 1.9 Dodging
 + Level 2.0 Stealth
 + Level 2.3 Spellcasting
 + Level 1.0 Conjurations
 + Level 3.4 Fire Magic


You had 4 spell levels left.
You knew the following spells:

 Your Spells              Type           Power      Damage    Failure   Level
a - Foxfire               Conj/Fire      32%        2x1d5     9%          1

Your spell library contained the following spells:

 Spells                   Type           Power      Damage    Failure   Level
 Scorch                   Fire           24%        2d6       8%          2
 Wereblood                Tmut           1%         N/A       32%         2
 Inner Flame              Hex/Fire       6%         N/A       32%         3
 Volatile Blastmotes      Fire/Tloc      12%        2d11      32%         3
 Flame Wave               Conj/Fire      8%         2d5       63%         4
 Irradiate                Conj/Tmut      1%         3d12      99%         5


Dungeon Overview and Level Annotations

Branches:
Dungeon (2/15)

Altars:


Innate Abilities, Weirdness & Mutations

Your plain brown scales are hard. (AC +4)
You cannot fit into any form of body armour.
You are cold-blooded and may be slowed by cold attacks.


Message History

You feel sick. The adder bites you but does no damage.
Casting: Foxfire (safe; 9% risk of failure)
Confirm with . or Enter, or press ? or * to list all spells.
You conjure some foxfire!
You feel sick. The quokka closely misses you. The adder bites you.
You are more poisoned.
The adder poisons you!
Your foxfire dissipates!
You feel sick.
The foxfire hits the quokka.
The quokka is lightly wounded.
The quokka twitches its whiskers.
The quokka attacks as it pursues you!
The quokka bites you but does no damage.
The adder bites you but does no damage. The quokka barely misses you.
Casting: Foxfire (safe; 9% risk of failure)
Confirm with . or Enter, or press ? or * to list all spells.
You don't have enough magic to cast this spell.
You feel sick. The adder attacks as it pursues you!
The adder bites you but does no damage.
You feel sick. The adder attacks as it pursues you!
The adder bites you but does no damage.
Your magical contamination has completely faded away.
Casting: Foxfire (safe; 9% risk of failure)
Confirm with . or Enter, or press ? or * to list all spells.
You don't have enough magic to cast this spell.
You feel sick. The adder closely misses you.
You see here a scroll labelled CACILA BYKUEMA.
Casting: Foxfire (safe; 9% risk of failure)
Confirm with . or Enter, or press ? or * to list all spells.
You conjure some foxfire!
You feel sick. The adder barely misses you. The quokka bites you.
* * * LOW HITPOINT WARNING * * *
The adder closely misses you.
Your foxfire dissipates!
You feel sick.
You are no longer poisoned.
The foxfire hits the quokka but does no damage.
The quokka is lightly wounded.
The quokka bites you.
You die...

##.#.# ##.#.# #. ...
.. ##.#.#.#. ..# #.
##.#.#.#.#.......
##...# ....##.#.#
.....###... ..#.#
##...#....###.#.# #
###..#.#......#.###.#
#....##.##..#.@...#
#.......##..#r?####
#..#..#.##...S.r..#
#.......#...##.##.#
#.####.....#...# # #.
#>.#.##.### #.
####<##.# #. ####..
..


You could see an adder and 2 quokkas.

Vanquished Creatures
  2 ball pythons (D:1)
  3 endoplasms (D:1)
  A giant cockroach (D:1)
  7 jackals (D:1)
  2 quokkas
  A kobold (D:1)
16 creatures vanquished.

Vanquished Creatures (others)
  49 foxfires
49 creatures vanquished.

Grand Total: 65 creatures vanquished

Notes
Turn   | Place    | Note
-------+----------+-------------------------------------------
     0 | D:1      | Yaku the Draconian Fire Elementalist began the quest for
                  | the Orb.
     0 | D:1      | Reached XP level 1. HP: 14/14 MP: 3/3
   269 | D:1      | Reached XP level 2. HP: 20/20 MP: 1/5
   460 | D:1      | Found a faded altar of an unknown god.
  1163 | D:2      | HP: 1/20 [poisoned by an adder]
  1163 | D:2      | Slain by a quokka

Illustrated notes

Levels and vault maps discovered:
D:1:      ldierk_walled_garden_2, layout_loops_ring,
          ebering_ecumenical_altar_mist
D:2:      layout_basic

Skill      XL: |  1 |
---------------+----+-----
Stealth        | 2 |  2.0
Dodging        | |  1.9
Spellcasting   | |  2.3
Conjurations   | |  1.0
Fire Magic     | |  3.4

Action                     || total
---------------------------++-------
  Melee: Unarmed           ||     6
         Tailslap          ||     1
   Cast: Foxfire           ||    34
 Armour: Skin              ||    37
  Dodge: Dodged            ||    35

Table legend: (Time is in decaauts)
 A = Elapsed time spent in this place.
 B = Non-inter-level travel time spent in this place.
 C = Inter-level travel time spent in this place.
 D = Time resting spent in this place.
 E = Time spent auto-exploring this place.
 F = Levels seen in this place.
 G = Mean time per level.
                   A        B        C        D        E       F      G
               +--------+--------+--------+--------+--------+-----+--------+
         Total |   1170 |   1127 |     43 |      0 |    890 |   2 |  585.0 |
       Dungeon |   1170 |   1127 |     43 |      0 |    890 |   2 |  585.0 |
               +--------+--------+--------+--------+--------+-----+--------+

Top non-repeatable levels by time:
     D:1: 1067 daAuts
     D:2: 103 daAuts
